cohdb
Replays
Latest Replays
All Replays
Popular Replays
Top Player Replays
Match Explorer
How It Works
Community
CoH3 Stats
Reddit
Sign in to upload your games and track your stats! →
Sign in with Steam
Match 43866181
Unlisted
Match 43866181
Overview
Messages
Build Orders
End
Kradschützen Motorcycle Team
Panzerpioneer Squad
Selects Italian Infantry
Panzergrenadier Squad
Construct Light Support Kompanie
2.5-tonne Medical Truck
Fire Support Elements
le.IG 18 Mechanized Group
Selects Defensive Operations
Pak 38 Anti-tank Gun Team
Advanced Field Repairs
Combat Half-tracks
Construct Panzerarmee Kommand
Selects Guastatori Squad
Selects Guastatori Squad
Selects L6/40 Light Tank Combat Group
Flak 36 Anti-tank Gun Team
Armored Reserves
Guastatori Squad
Selects Towed Cannone da 105/28 Field Howitzer
Towed Cannone da 105/28 Field Howitzer
Tiger Heavy Tank
Selects Prepared Positions
Selects Obice 305mm Barrage
Obice 305mm Barrage
Panzerpioneer Squad
Tiger Heavy Tank
Obice 305mm Barrage
Hornet_Nevenkebla
☠_ScaraB_☠
Snijboon
Wild_Willy
DarkLord
juve1975
shor
Ray Nienholds
0
0
Comments
sign in to comment!
No comments posted yet!